 Dungeon Crawl Stone Soup version 0.22.1-6-g1668fe2c40 (webtiles) character file.

212 MelsaHvarei the Ducker (level 5, -2/38 HPs)
             Began as a Merfolk Skald on Jan 28, 2019.
             Was an Initiate of Qazlal.
             Slain by a scorpion (8 damage)
             ... on level 5 of the Dungeon.
             The game lasted 00:08:12 (4098 turns).

MelsaHvarei the Ducker (Merfolk Skald)              Turns: 4098, Time: 00:08:13

Health: -2/38      AC:  5    Str: 11    XL:     5   Next: 89%
Magic:  0/8        EV: 15    Int: 13    God:    Qazlal [......]
Gold:   264        SH:  0    Dex: 14    Spells: 3/8 levels left

rFire    + . .     SeeInvis .   a - +1 spear
rCold    + . .     Gourm    .   (no shield)
rNeg     . . .     Faith    .   b - +0 leather armour
rPois    .         Spirit   .   s - +0 helmet
rElec    .         Reflect  .   f - scarf {rC+ rF+}
rCorr    .         Harm     .   (no gloves)
MR       .....                  g - +0 pair of boots
Stlth    +.........             (no amulet)
HPRegen  0.12/turn              (no ring)
MPRegen  0.11/turn              (no ring)

@: lethally poisoned (-2 -> -17), infused (expiring), singing, very slightly
contaminated
A: change form in water, swift swim, stealthy swim
a: Renounce Religion


You were on level 5 of the Dungeon.
You worshipped Qazlal.
Qazlal was noncommittal.
You were not hungry.

You visited 1 branch of the dungeon, and saw 5 of its levels.

You collected 264 gold pieces.

Inventory:

Hand Weapons
 a - a +1 spear (weapon)
Armour
 b - a +0 leather armour (worn)
 f - a scarf of resistance (worn)
 g - a +0 pair of boots (worn)
 s - a +0 helmet (worn)
Jewellery
 v - an uncursed ring of resist corrosion {unknown}
 w - a cursed ring of teleportation {unknown}
Wands
 q - a wand of flame (25)
Scrolls
 h - a scroll of remove curse
 k - a scroll of immolation
 l - 2 scrolls of amnesia
 u - a scroll of identify
Potions
 c - a potion of brilliance {unknown}
 e - 2 potions of curing
 i - a potion of flight {unknown}
 j - a potion of mutation {unknown}
 m - a potion of haste {unknown}
 n - a potion of agility {unknown}
 o - a potion of might {unknown}
 p - 3 potions of heal wounds {unknown}
 t - 2 potions of lignification {unknown}
Comestibles
 d - 8 rations
 r - a chunk of flesh


   Skills:
 - Level 2.1 Fighting
 + Level 5.6 Polearms
 - Level 0.6 Armour
 - Level 6.0 Dodging
 - Level 2.0 Spellcasting
 + Level 3.8 Charms


You had 3 spell levels left.
You knew the following spells:

 Your Spells              Type           Power        Failure   Level  Hunger
a - Infusion              Chrm           ##..         7%          1    ##.....
b - Shroud of Golubria    Chrm/Tloc      #.........   24%         2    ###....
c - Song of Slaying       Chrm           ##......     11%         2    ###....

Your spell library contained the following spells:

 Spells                   Type           Power        Failure   Level  Hunger
 Regeneration             Chrm/Necr      #.........   43%         3    ####...
 Spectral Weapon          Hex/Chrm       #.......     43%         3    ####...


Dungeon Overview and Level Annotations

Branches:
Dungeon (5/15)
 Temple: D:4-7

Altars:
Kikubaaqudgha
Makhleb
Qazlal
Trog
Uskayaw


Message History

The scorpion is moderately wounded.
You feel sick. The scorpion misses you.
A jackal comes into view.
You hit the scorpion.
The scorpion is heavily wounded.
You feel sick. The scorpion stings you!
You are lethally poisoned!
The scorpion poisons you!
You are too injured to fight recklessly!
* * * LOW HITPOINT WARNING * * *
You feel sick.
* * * LOW HITPOINT WARNING * * *
You feel sick.
* * * LOW HITPOINT WARNING * * *
You feel sick.
There is a stone staircase leading up here.
Your magical infusion is running out.
* * * LOW HITPOINT WARNING * * *
You feel sick. The scorpion stings you!
You die...

#########
........#######
........##@so.#
..........###o#
...........##.#
...........##.#
...........##o#
........#..##h#
........#..##h#
........#...oo#
########.##.o.


You could see a scorpion and 2 orcs.

Vanquished Creatures
  A bullfrog skeleton (D:4)
  2 worker ants (D:4)
  6 adders
  A howler monkey skeleton (D:4)
  An ooze (D:2)
  An adder skeleton (D:4)
  A dart slug (D:2)
  3 leopard geckos
  An orc (D:4)
  4 giant cockroaches
  5 goblins
  6 hobgoblins
  9 jackals
  2 quokkas
  7 bats
  2 frilled lizards
  5 kobolds (D:1)
  8 rats
65 creatures vanquished.

Notes
Turn   | Place    | Note
-------+----------+-------------------------------------------
     0 | D:1      | MelsaHvarei the Merfolk Skald began the quest for the Orb.
     0 | D:1      | Reached XP level 1. HP: 16/16 MP: 3/3
    23 | D:1      | Reached skill level 3 in Dodging
    85 | D:1      | Reached XP level 2. HP: 22/22 MP: 5/5
    89 | D:1      | Learned a level 2 spell: Shroud of Golubria
    92 | D:1      | Learned a level 2 spell: Song of Slaying
   798 | D:2      | Reached skill level 4 in Dodging
   824 | D:2      | Reached XP level 3. HP: 18/27 MP: 3/6
  1756 | D:2      | Found a faded altar of an unknown god.
  1951 | D:3      | Reached XP level 4. HP: 24/33 MP: 0/7
  1958 | D:3      | Reached skill level 5 in Dodging
  2349 | D:3      | Found a stormy altar of Qazlal.
  2429 | D:3      | Became a worshipper of Qazlal Stormbringer
  2708 | D:4      | Reached XP level 5. HP: 26/38 MP: 8/8
  2859 | D:4      | Reached skill level 5 in Polearms
  2859 | D:4      | Reached skill level 6 in Dodging
  3699 | D:5      | Entered Level 5 of the Dungeon
  3699 | D:5      | Found a bloodstained altar of Trog.
  3699 | D:5      | Found a burning altar of Makhleb.
  3699 | D:5      | Found a hide-covered altar of Uskayaw.
  3699 | D:5      | Found an ancient bone altar of Kikubaaqudgha.
  3699 | D:5      | Found a stormy altar of Qazlal.
  3801 | D:5      | Noticed a sky beast
  4098 | D:5      | Slain by a scorpion

Skill      XL: |  1  2  3  4  5 |
---------------+----------------+-----
Dodging        | 3 4 5 6 |  6.0
Polearms       | 4 5 |  5.6
Fighting       | |  2.1
Armour         | |  0.6
Spellcasting   | |  2.0
Charms         | |  3.8

Action                   |  1- 3 |  4- 6 || total
-------------------------+-------+-------++-------
Melee: Spear             |   179 |   159 ||   338
 Cast: Shroud of Golubri |     4 |     3 ||     7
       Infusion          |     2 |     3 ||     5
       Song of Slaying   |     1 |     1 ||     2
  Use: Scroll            |     4 |     2 ||     6
 Stab: Sleeping          |     3 |     2 ||     5
  Eat: Chunk             |     3 |     8 ||    11
Armor: Leather armour    |    35 |    22 ||    57
Dodge: Dodged            |    95 |    97 ||   192
